 Dungeon Crawl Stone Soup version 0.31-a0-198-g2ad674f65e (webtiles) character file.

Game seed: 12498065413148329276

89 qw the Shooter (level 4, -5/25 HPs)
             Began as a Deep Elf Hunter on June 25, 2023.
             Slain by an orc priest
             ... wielding a +0 mace
              (7 damage)
             ... on level 3 of the Dungeon.
             The game lasted 00:00:38 (2147 turns).

qw the Shooter (Deep Elf Hunter)                    Turns: 2147, Time: 00:00:39

Health: -5/25      AC:  7    Str: 10    XL:     4   Next: 31%
Magic:  6/6        EV: 12    Int: 14    God:
Gold:   125        SH:  0    Dex: 18    Spells: 3/3 levels left

rFire   . . .        Y - +0 shortbow (heavy)
rCold   . . .        (shield currently unavailable)
rNeg    . . .        c - +0 leather armour
rPois   .            (no helmet)
rElec   .            (no cloak)
rCorr   .            (no gloves)
SInv    .            (no boots)
Will    .....        (no amulet)
Stlth   ++           b - +4 ring of protection
HPRegen 0.24/turn    (no ring)
MPRegen 0.10/turn

%: no passive effects
@: no status effects
A: no striking features
a: no special abilities


You were on level 3 of the Dungeon.
You visited 1 branch of the dungeon, and saw 3 of its levels.

You collected 125 gold pieces.


   Skills:
 - Level 1.5 Fighting
 + Level 7.7 Ranged Weapons
 - Level 2.4 Dodging
 - Level 1.2 Stealth


You had 3 spell levels left.
You didn't know any spells.
Your spell library was empty.

Inventory:

Hand Weapons
 Y - a +0 heavy shortbow (weapon)
Armour
 a - the +3 hat of Pondering {ponderous, Will+ MP+10 Int+5}
   (You acquired it on level 2 of the Dungeon)

   Int:       It affects your intelligence (+5).
   MP:        It affects your magic capacity (+10).
   Will:      It increases your willpower.
 c - a +0 leather armour (worn)
 i - a +0 ring mail
Jewellery
 b - a +4 ring of protection (left hand)
 k - a ring of protection from cold
Scrolls
 f - 2 scrolls of identify
 h - 2 scrolls of amnesia {unknown}
 j - a scroll of teleportation {unknown}
Potions
 d - 3 potions of curing {unknown}
 e - 2 potions of heal wounds {unknown}
 g - a potion of cancellation {unknown}

Dungeon Overview and Level Annotations

Branches:
Dungeon (3/15)

Altars:
Uskayaw


Message History

You hear a shout!
Enter note:
Enter note:
Enter note:
Enter note:
Enter note:
Enter note:
Enter note:
Enter note:
Enter note:
Enter note:
Enter note:
Enter note:
2139 ||| Stepping ~*~*~tactically~*~*~ (outnumbered).
An orc comes into view. It is wielding a +0 flail.
The orc shouts!
An orc comes into view. It is wielding a +0 club.
You shoot an arrow. The arrow barely misses the orc.
The orc priest casts a cantrip, but nothing happens.
You shoot an arrow. The arrow barely misses the orc.
The orc closely misses you.
You shoot an arrow. The arrow barely misses the orc.
The orc priest hits you with a +0 mace. The orc hits you with a +0 flail.
You shoot an arrow. The arrow hits the orc priest.
The orc priest is moderately wounded.
The orc misses you. The orc priest closely misses you.
You shoot an arrow.
The arrow closely misses the orc priest.
The orc hits you with a +0 flail. The orc priest barely misses you.
The orc hits you but does no damage.
The orc priest invokes the aid of Beogh against you.
Beogh smites you!
Ouch! That really hurt!
You shoot an arrow. The arrow hits the orc priest.
The orc priest is severely wounded.
The orc barely misses you. The orc priest completely misses you.
You shoot an arrow.
The arrow completely misses the orc priest.
The orc closely misses you. The orc priest hits you with a +0 mace!
You die...

#.#.#.......####.^#.# #.........
#...#.####........#.# #..#......
###.#....[........#.# #.........
#.#########.#.#.#.#####.#######
###...............#.....#.## ##
..##.....######.#######.#..#####.
...............oo.....####.......
..##.....######o#######......8.8.
..##.....# #o@.....#.#........
####.....# #######.#....8.....
#.....# #........._........
####### #.#####.#....8..... #.#
#.#[#........ #.# #.#......8.8.
#.# #.####....... #.#####.#
####.... #.......# #####


You could see an orc priest and 2 orcs.

Vanquished Creatures
  Ijyb (D:3)
  An adder (D:2)
  4 orcs (D:3)
  6 bats
  2 endoplasms (D:3)
  5 giant cockroaches
  4 goblins
  5 hobgoblins
  3 jackals (D:1)
  2 kobolds
  6 ball pythons
  6 frilled lizards
  2 rats
47 creatures vanquished.

Notes
Turn   | Place    | Note
-------+----------+-------------------------------------------
     0 | D:1      | qw the Deep Elf Hunter began the quest for the Orb.
     0 | D:1      | Reached XP level 1. HP: 12/12 MP: 3/3
     0 | D:1      | 0 ||| qw: Version: 0.3-a-22-g0ed2b0b
     0 | D:1      | 0 ||| qw: Game counter: 5033
     0 | D:1      | 0 ||| qw: Melee chars always use a shield: true
     0 | D:1      | 0 ||| qw: God list: Okawaru
     0 | D:1      | 0 ||| qw: Allow faded altars: false
     0 | D:1      | 0 ||| qw: Do Orc after clearing Dungeon:15 true
     0 | D:1      | 0 ||| qw: Do second Lair branch before Depths: true
     0 | D:1      | 0 ||| qw: Lair rune preference: random
     0 | D:1      | 0 ||| qw: Goals: Normal
     0 | D:1      | 0 ||| PLANNING D:1-11
   272 | D:1      | Reached skill level 6 in Ranged Weapons
   272 | D:1      | Reached XP level 2. HP: 16/16 MP: 4/4
   918 | D:1      | 918 ||| READING scroll labelled KIT UWIUMA.
   919 | D:1      | 919 ||| READING scroll labelled HUGU ANUNGUNU.
   920 | D:1      | 920 ||| READING scroll labelled XAFOGA POEXEDGH.
   921 | D:1      | 921 ||| READING scroll labelled MEENAER LUSAD.
   922 | D:1      | 922 ||| DROPPING scroll of butterflies.
  1075 | D:2      | Reached XP level 3. HP: 20/20 MP: 5/5
  1272 | D:2      | Found a faded altar of an unknown god.
  1449 | D:2      | 1449 ||| DROPPING ring of flight.
  1450 | D:2      | 1450 ||| UPGRADING to +4 ring of protection.
  1451 | D:2      | 1451 ||| READING scroll labelled LIN KAM XUFISTROX.
  1451 | D:2      | Identified a scroll of acquirement
  1451 | D:2      | 1451 ||| ACQUIRING +3 hat of Pondering {ponderous, Will+
                  | MP+10 Int+5}
  1451 | D:2      | Acquired the +3 hat of Pondering {ponderous, Will+ MP+10
                  | Int+5}
  1451 | D:2      | Found the +3 hat of Pondering {ponderous, Will+ MP+10
                  | Int+5}
  1453 | D:2      | 1453 ||| READING scroll labelled OROUCYICVO.
  1466 | D:3      | Reached skill level 7 in Ranged Weapons
  1738 | D:3      | Noticed Ijyb
  1740 | D:3      | Killed Ijyb
  1741 | D:3      | Reached XP level 4. HP: 25/25 MP: 6/6
  1756 | D:3      | 1756 ||| READING scroll of brand weapon.
  1756 | D:3      | 1756 ||| BRANDING +0 shortbow of chaos.
  1818 | D:3      | Found a hide-covered altar of Uskayaw.
  2139 | D:3      | 2139 ||| Stepping ~*~*~tactically~*~*~ (outnumbered).
  2145 | D:3      | HP: 2/25 [orc priest/divine providence (15)]
  2147 | D:3      | Slain by an orc priest

Levels and vault maps discovered:
D:1:      dpeg_arrival_castle, layout_basic, dk_noncrumbling_2
D:2:      layout_rooms, basic_ecumenical_altar, chequers_serial_rivers_micro_e,
          kennysheep_generic_room_4
D:3:      layout_basic, nicolae_uskayaw_dance_hall, corexii_shack,
          corexii_leaking_fountain, uniq_ijyb

Skill      XL: |  1  2  3 |
---------------+----------+-----
Ranged Weapons | 6 7 |  7.7
Fighting       | |  1.5
Dodging        | |  2.4
Stealth        | |  1.2

Action                     |  1- 3 |  4- 6 || total
---------------------------+-------+-------++-------
   Fire: Shortbow          |   106 |    22 ||   128
    Use: Scroll            |     6 |     1 ||     7
 Armour: Leather armour    |    11 |     1 ||    12
  Dodge: Dodged            |    30 |    11 ||    41

Table legend:
 A = Non-vault XP
 B = Vault XP
 C = Vault XP percentage of total XP
 D = Non-vault monster count
 E = Vault monster count
 F = Vault count percentage of total count
                 A         B        C        D         E       F
            +---------+---------+-------+---------+---------+-------
      Total |      88 |      40 |  31.2 |      44 |       3 |   6.4
            +---------+---------+-------+---------+---------+-------
        D:1 |      28 |       0 |   0.0 |      17 |       0 |   0.0
        D:2 |      32 |       2 |   5.9 |      13 |       1 |   7.1
        D:3 |      28 |      38 |  57.6 |      14 |       2 |  12.5
            +---------+---------+-------+---------+---------+-------
